 Dungeon Crawl Stone Soup version 0.21.1-1-g345015f (webtiles) character file.

163 Chent the Chopper (level 5, -4/46 HPs)
             Began as a Hill Orc Fighter on Mar 25, 2018.
             Was an Initiate of Qazlal.
             Killed by nerve-wracking pain
             ... invoked by Grinder
              (9 damage)
             ... on level 3 of the Dungeon.
             The game lasted 00:17:53 (1763 turns).

Chent the Chopper (Hill Orc Fighter)                Turns: 1763, Time: 00:17:53

Health: -4/46      AC:  6    Str: 20    XL:     5   Next: 44%
Magic:  5/5        EV:  5    Int: 10    God:    Qazlal [......]
Gold:   145        SH:  9    Dex: 10    Spells: 4/4 levels left

rFire    . . .     SeeInvis .   a - +0 war axe
rCold    . . .     Gourm    .   c - +0 shield
rNeg     . . .     Faith    .   l - +0 chain mail
rPois    .         Spirit   .   i - +0 helmet
rElec    .         Reflect  .   (no cloak)
rCorr    .         Harm     .   (no gloves)
MR       .....                  (no boots)
Stlth    ..........             (no amulet)
HPRegen  0.15/turn              (no ring)
MPRegen  0.09/turn              (no ring)

@: no status effects
A: clever 1, deformed body, MP-powered wands
a: Renounce Religion


You were on level 3 of the Dungeon.
You worshipped Qazlal.
Qazlal was noncommittal.
You were not hungry.

You visited 1 branch of the dungeon, and saw 3 of its levels.

You collected 145 gold pieces.

Inventory:

Hand Weapons
 a - a +0 war axe (weapon)
 r - a +0 hand axe of flaming
Missiles
 k - 6 javelins (quivered)
Armour
 c - a +0 shield (worn)
 e - a +0 helmet
 i - a +0 helmet (worn)
 l - a +0 chain mail (worn)
Wands
 q - a wand of paralysis (11)
Scrolls
 h - a scroll of remove curse
Potions
 b - 2 potions of heal wounds {unknown}
 d - a potion of might
 g - a potion of curing {unknown}
 o - a potion of berserk rage {unknown}
Comestibles
 f - 3 rations
 j - a chunk of flesh


   Skills:
 + Level 4.2 Fighting
 + Level 4.8 Axes
 + Level 4.3 Armour
 + Level 0.4 Dodging
 + Level 0.1 Stealth
 + Level 4.2 Shields


You had 4 spell levels left.
You didn't know any spells.

Dungeon Overview and Level Annotations

Branches:
Dungeon (3/15)

Altars:
Fedhas
Hepliaklqana
Kikubaaqudgha
Makhleb
Qazlal
Sif Muna
The Shining One

Annotations:
D:3 Grinder


Innate Abilities, Weirdness & Mutations

Your mind is acute. (Int +2)
Armour fits poorly on your strangely shaped body.
You expend magic power (3 MP) to strengthen your wands.


Message History

Unknown command.
You closely miss Grinder.
Grinder is moderately wounded.
Grinder hits you!
* * * LOW HITPOINT WARNING * * *
You writhe in agony.
* * * LOW HITPOINT WARNING * * *
It was a potion of mutation.
You feel extremely strange.
You feel your magical essence link to your wands.
Your body twists and deforms.
You feel clever. You block Grinder's attack.
There is a stone staircase leading down here.
Grinder says, "You look like you could use a good racking."
Grinder gestures at you.
You barely resist.
Grinder says, "FISH!"
Grinder blinks!
Grinder gestures at you. Pain shoots through your body!
You die...

#.##># #.##.#
#.##.# ((...# ###
#.###### #####.#
#.)....+ +.....#
######## #5# #.#
#@# #.# #># #§#
#.# #§#
################§#
..............§§§#
################§#


You could see Grinder (inner flame).

Vanquished Creatures
  A black bear (D:2)
  3 adders
  An ooze (D:1)
  3 worms (D:2)
  An orc (D:3)
  3 bats
  A giant cockroach (D:1)
  4 goblins
  A hobgoblin (D:2)
  7 jackals (D:2)
  2 ball pythons
  3 kobolds
  9 rats
39 creatures vanquished.

Notes
Turn   | Place    | Note
-------+----------+-------------------------------------------
     0 | D:1      | Chent the Hill Orc Fighter began the quest for the Orb.
     0 | D:1      | Reached XP level 1. HP: 19/19 MP: 1/1
    47 | D:1      | Reached XP level 2. HP: 24/27 MP: 2/2
   593 | D:2      | Found a faded altar of an unknown god.
   609 | D:2      | Reached XP level 3. HP: 27/33 MP: 3/3
   711 | D:2      | Found a glowing golden altar of the Shining One.
   930 | D:2      | Found a hazy altar of Hepliaklqana.
   930 | D:2      | Found an ancient bone altar of Kikubaaqudgha.
   940 | D:2      | Found a faded altar of an unknown god.
   943 | D:2      | Found a deep blue altar of Sif Muna.
   945 | D:2      | Found a faded altar of an unknown god.
  1220 | D:2      | Found a burning altar of Makhleb.
  1321 | D:2      | Noticed a black bear
  1327 | D:2      | Killed a black bear
  1327 | D:2      | Reached XP level 4. HP: 35/40 MP: 4/4
  1327 | D:2      | Reached XP level 5. HP: 40/46 MP: 5/5
  1642 | D:3      | Found a blossoming altar of Fedhas.
  1642 | D:3      | Found a stormy altar of Qazlal.
  1670 | D:3      | Became a worshipper of Qazlal Stormbringer
  1731 | D:3      | Noticed Grinder
  1742 | D:3      | Paralysed by Grinder for 6 turns
  1754 | D:3      | Gained mutation: You expend magic power (3 MP) to strengthen your wands. [potion of mutation]
  1754 | D:3      | Gained mutation: Armour fits poorly on your strangely shaped body. [potion of mutation]
  1754 | D:3      | Gained mutation: Your mind is acute. (Int +2) [potion of mutation]
  1763 | D:3      | Killed from afar by Grinder

Skill      XL: |  1  2  3  4  5 |
---------------+----------------+-----
Fighting       | 4 |  4.2
Axes           | 3 4 |  4.8
Shields        | 4 |  4.2
Armour         | 4 |  4.3
Dodging        | |  0.4
Stealth        | |  0.1

Action                   |  1- 3 |  4- 6 || total
-------------------------+-------+-------++-------
Melee: War axe           |    94 |    44 ||   138
  Use: Scroll            |     3 |     3 ||     6
       Potion            |     1 |     1 ||     2
  Eat: Ration            |     1 |       ||     1
Armor: Scale mail        |    19 |       ||    19
       Chain mail        |    27 |    22 ||    49
Dodge: Dodged            |    29 |     8 ||    37
Block: Shield            |    71 |    28 ||    99
